 Dungeon Crawl Stone Soup version 0.29.1-2-gbd0b4ee654 (webtiles) character file.

Game seed: 9008409314210737453

4799 GeoRichter the Tainter (level 10, 0/57 (70) HPs)
             Began as a Demonspawn Hedge Wizard on Nov 5, 2022.
             Was a High Priest of Cheibriados.
             Slain by a wight
             ... wielding a +5 scimitar
              (6 damage)
             ... on level 8 of the Dungeon.
             The game lasted 00:25:51 (11220 turns).

GeoRichter the Tainter (Demonspawn Hedge Wizard)   Turns: 11220, Time: 00:25:51

HP:   0/57 (70)     AC: 10    Str: 23    XL:     10   Next: 24%
MP:   0/15          EV: 13    Int: 30    God:    Cheibriados [*****.]
Gold: 388           SH:  0    Dex: 23    Spells: 4/16 levels left

rFire   . . .      SeeInvis .     - Unarmed
rCold   . . .      Faith    .   (no shield)
rNeg    . . .      Spirit   +   D - +0 acid dragon scales
rPois   .          Reflect  .   (helmet restricted)
rElec   .          Harm     .   m - +1 cloak
rCorr   +          Rampage  .   q - +0 pair of gloves
Will    .....                   w - +0 pair of boots
Stlth   ++........              t - amulet of magic regeneration
HPRegen 0.19/turn               (no ring)
MPRegen 0.68/turn               (no ring)

@: heavily drained, very slow
A: antennae 1, claws 2, hooves 1, magic shield, magic regeneration
a: Renounce Religion, Bend Time, Temporal Distortion, Slouch, Step From Time


You were on level 8 of the Dungeon.
You worshipped Cheibriados.
Cheibriados was extremely pleased with you.
You visited 1 branch of the dungeon, and saw 8 of its levels.

You collected 388 gold pieces.

Inventory:

Hand Weapons
 f - a +2 dagger of venom
   (You took it off a goblin on level 1 of the Dungeon)
Armour
 m - a +1 cloak (worn)
   (You found it on level 2 of the Dungeon)
 q - a +0 pair of gloves (worn)
   (You found it on level 3 of the Dungeon)
 w - a +0 pair of boots (worn)
   (You found it on level 3 of the Dungeon)
 B - the +7 plate armour of Xyisyl {Int+3}
   (You found it on level 6 of the Dungeon)

   Int:       It affects your intelligence (+3).
 D - +0 acid dragon scales (worn)
   (You took it off Maggie on level 7 of the Dungeon)
Jewellery
 c - a ring of ice
   (You found it on level 3 of the Dungeon)
 t - an amulet of magic regeneration (around neck)
   (You found it on level 3 of the Dungeon)
Wands
 o - a wand of roots (16)
   (You found it on level 6 of the Dungeon)
Scrolls
 a - 2 scrolls of blinking
 g - 2 scrolls of enchant armour
 h - a scroll of butterflies {unknown}
 i - a scroll of fear
 j - 2 scrolls of noise {!r}
 l - a scroll of brand weapon {unknown}
 p - 2 scrolls of poison {unknown}
 r - a scroll of magic mapping {unknown}
 s - a scroll of enchant weapon
 u - a scroll of silence
 v - 3 scrolls of amnesia
 y - 3 scrolls of teleportation {unknown}
 C - 2 scrolls of immolation {unknown}
Potions
 b - a potion of degeneration {unknown}
 d - 3 potions of magic
 e - 2 potions of flight
 k - 2 potions of attraction {!q}
 n - 2 potions of lignification {unknown}
 x - a potion of mutation {unknown}
 A - a potion of curing {@q1}


   Skills:
 * Level 3.5 Fighting
 + Level 2.1 Armour
 + Level 3.0 Dodging
 - Level 1.7 Stealth
 * Level 3.2 Unarmed Combat
 - Level 3.5 Spellcasting
 - Level 8.0 Conjurations
 - Level 1.0 Summonings
 - Level 0.8 Translocations
 - Level 0.2 Transmutations
 - Level 5.0 Air Magic
 - Level 8.7 Poison Magic
 + Level 3.3 Invocations


You had 4 spell levels left.
You knew the following spells:

 Your Spells              Type           Power      Damage    Failure   Level
a - Magic Dart            Conj           100%       1d8       1%          1
b - Mephitic Cloud        Conj/Pois/Air  48%        N/A       1%          3
c - Wereblood             Tmut           6%         N/A       12%         2
d - Spider Form           Tmut/Pois      32%        N/A       4%          3
e - Ignite Poison         Fire/Tmut/Pois 23%        N/A       8%          3

Your spell library contained the following spells:

 Spells                   Type           Power      Damage    Failure   Level
 Poisonous Vapours        Pois/Air       92%        N/A       1%          2
 Conjure Flame            Conj/Fire      29%        6-21      4%          3
 Beastly Appendage        Tmut           12%        N/A       8%          1
 Slow                     Hex            20%        N/A       9%          1
 Blink                    Tloc           20%        N/A       9%          2
 Call Imp                 Summ           11%        N/A       9%          2
 Corpse Rot               Necr/Pois/Air  32%        N/A       13%         4
 Passage of Golubria      Tloc           10%        N/A       52%         4
 Anguish                  Hex/Necr       2%         N/A       63%         4
 Freezing Cloud           Conj/Ice/Air   15%        6-21      36%         5
 Silence                  Hex/Air        10%        N/A       63%         5
 Enfeeble                 Hex            2%         N/A       100%        7
 Lehudib's Crystal Spear  Conj/Erth      14%        10d5      100%        8


Dungeon Overview and Level Annotations

Branches:
Dungeon (8/15) Zot: 39009  Temple (0/1) D:5
   Lair: D:8-11

Altars:
Cheibriados
Fedhas
Hepliaklqana
Kikubaaqudgha
Ru
Trog
Uskayaw
Vehumet
Yredelemnul

Shops:
D:1 [   D:4 *


Innate Abilities, Weirdness & Mutations

You have a pair of small antennae on your head.
You have very sharp fingernails.
You have large cloven feet.
When hurt, damage is shared between your health and your magic reserves.
You regenerate magic rapidly.


Message History

You hit the wight but do no damage. The wight hits you with a +5 halberd.
You feel drained.
You hit the wight. The wight closely misses you.
You hit the wight. The wight hits you with a +5 halberd!
You feel drained.
You hit the wight but do no damage. The wight hits you with a +5 halberd!
Your magical contamination has completely faded away.
You hit the wight but do no damage. The wight barely misses you.
You hit the wight but do no damage. The wight misses you.
You hit the wight but do no damage. The wight barely misses you.
You hit the wight but do no damage. The wight hits you with a +5 halberd!
You feel drained.
You closely miss the wight. The wight hits you with a +5 halberd!
You feel drained.
You hit the wight but do no damage. The wight hits you with a +5 halberd!
* * * LOW HITPOINT WARNING * * *
You feel drained.
* * * LOW HITPOINT WARNING * * *
You hit the wight but do no damage. The wight hits you with a +5 halberd.
* * * LOW HITPOINT WARNING * * *
You completely miss the wight. The wight hits you with a +5 halberd.
* * * LOW HITPOINT WARNING * * *
You feel drained.
* * * LOW HITPOINT WARNING * * *
You hit the wight. The wight barely misses you.
You barely miss the wight. You barely miss the wight.
You punch the wight, but do no damage. The wight hits you but does no damage.
You hit the wight.
You destroy the wight!
Cheibriados appreciates the change of pace.
You barely miss the wight. The wight hits you with a +5 scimitar!
* * * LOW HITPOINT WARNING * * *
You feel drained.
* * * LOW HITPOINT WARNING * * *
Okay, then.
The flow of time bends around you.
Cheibriados rebukes the wight.
The wight seems to slow down.
The wight completely misses you. The wight attacks as you move away!
The wight closely misses you. The wight attacks as you move away!
The wight barely misses you.
You see here a +0 quarterstaff.
The wight attacks as you move away! The wight barely misses you.
There is a stone staircase leading down here.
You hit the wight but do no damage. The wight misses you.
You hit the wight but do no damage. The wight hits you with a +5 scimitar.
* * * LOW HITPOINT WARNING * * *
You feel drained.
You closely miss the wight. You hit the wight but do no damage.
The wight hits you with a +5 scimitar!
You die...

..... ... ...# #.#
## ########.# .+
.........# .#
#########.##### .#
..............# .#
..........#####
######
..........#######.
......
.........#........
......
.......@z.........
######
...##....#.#######
###### #....#)#
......
..#....''######
...~~.
..........!...#
...~~.
##....).......#
...~...
#.....≈~.....#
.~~....
#.....≈~~....#
.......
#......~.....#


You could see a wight (slow).

Vanquished Creatures
  Pikel (D:7)
  Maggie (D:7)
  A wraith (D:8)
  A shadow (D:8)
  Grum (D:8)
  2 water moccasins (D:6)
  An orc warrior (D:7)
  An ice beast (D:7)
  A black bear (D:5)
  A sky beast (D:6)
  5 ogres
  A centaur (D:6)
  3 wolves (D:8)
  A phantom (D:6)
  3 lemures (D:7)
  A kobold brigand (D:5)
  2 bullfrogs
  4 necrophages
  12 scorpions
  3 wights (D:8)
  An electric eel (D:8)
  5 hounds
  3 jellies
  3 orc priests (D:6)
  3 iguanas
  7 orc wizards
  6 adders
  8 gnolls
  A shadow imp (D:8)
  2 white imps
  An ufetubus (D:6)
  A worm (D:2)
  4 dart slugs
  44 orcs
  12 bats
  6 endoplasms
  7 giant cockroaches
  6 goblins
  3 hobgoblins
  2 jackals (D:4)
  7 quokkas
  5 ball pythons
  4 frilled lizards
  10 kobolds
  3 rats
200 creatures vanquished.

Vanquished Creatures (others)
  21 plants
  A withered plant (D:4)
22 creatures vanquished.

Grand Total: 222 creatures vanquished

Notes
Turn   | Place    | Note
-------+----------+-------------------------------------------
     0 | D:1      | GeoRichter the Demonspawn Hedge Wizard began the quest for
                  | the Orb.
     0 | D:1      | Reached XP level 1. HP: 13/13 MP: 4/4
   301 | D:1      | Discovered your monstrous ancestry.
   301 | D:1      | Gained mutation: You have large cloven feet. [demonic
                  | ancestry]
   301 | D:1      | Reached XP level 2. HP: 16/19 MP: 0/6
   644 | D:1      | Found a faded altar of an unknown god.
   812 | D:1      | Found Meedoaj's Antique Armour Shop.
  1809 | D:2      | Gained mutation: You have sharp fingernails. [demonic
                  | ancestry]
  1809 | D:2      | Reached XP level 3. HP: 24/24 MP: 4/7
  2232 | D:2      | Learned a level 3 spell: Mephitic Cloud
  2544 | D:3      | Gained mutation: You regenerate magic rapidly. [demonic
                  | ancestry]
  2544 | D:3      | Reached XP level 4. HP: 23/30 MP: 1/9
  2554 | D:3      | Reached skill level 1 in Poison Magic
  2914 | D:3      | Found a snail-covered altar of Cheibriados.
  2924 | D:3      | Became a worshipper of Cheibriados the Contemplative
  3076 | D:3      | Reached skill level 1 in Air Magic
  3076 | D:3      | Reached XP level 5. HP: 35/35 MP: 0/10
  3322 | D:3      | Reached * piety under Cheibriados
  3871 | D:4      | Reached XP level 6. HP: 40/41 MP: 11/11
  4035 | D:4      | Found an ancient bone altar of Kikubaaqudgha.
  4036 | D:4      | Found a blossoming altar of Fedhas.
  4104 | D:4      | Reached ** piety under Cheibriados
  4244 | D:4      | Found Wunen's CLEARANCE SALE!.
  4336 | D:4      | Found a hide-covered altar of Uskayaw.
  4347 | D:4      | Found a hazy altar of Hepliaklqana.
  4349 | D:4      | Found a bloodstained altar of Trog.
  4898 | D:5      | Entered Level 5 of the Dungeon
  4912 | D:5      | Reached skill level 5 in Conjurations
  4912 | D:5      | Reached XP level 7. HP: 42/46 MP: 10/12
  5024 | D:5      | Found a radiant altar of Vehumet.
  5503 | D:5      | Found a staircase to the Ecumenical Temple.
  5515 | D:5      | Found a basalt altar of Yredelemnul.
  5628 | D:5      | Reached skill level 5 in Poison Magic
  5823 | D:5      | Reached *** piety under Cheibriados
  5824 | D:5      | Gained mutation: You have a pair of small antennae on your
                  | head. [demonic ancestry]
  5824 | D:5      | Reached XP level 8. HP: 49/52 MP: 13/13
  6055 | D:5      | Found a runed translucent door.
  6057 | D:5      | Found a runed translucent door.
  6842 | D:6      | Gained mutation: When hurt, damage is shared between your
                  | health and your magic reserves. [demonic ancestry]
  6842 | D:6      | Reached XP level 9. HP: 54/57 MP: 5/14
  7151 | D:6      | Identified the +7 plate armour of Xyisyl {Int+3}
  7316 | D:6      | Learned a level 2 spell: Wereblood
  7320 | D:6      | Learned a level 3 spell: Spider Form
  7702 | D:6      | Reached **** piety under Cheibriados
  8828 | D:7      | Noticed Maggie
  8847 | D:7      | Killed Maggie
  8848 | D:7      | Reached skill level 5 in Air Magic
  9310 | D:7      | Noticed Pikel
  9331 | D:7      | Killed Pikel
  9332 | D:7      | Reached skill level 1 in Armour
  9332 | D:7      | Reached skill level 1 in Unarmed Combat
  9804 | D:7      | Learned a level 3 spell: Ignite Poison
 10195 | D:8      | Gained mutation: You have very sharp fingernails. [demonic
                  | ancestry]
 10195 | D:8      | Reached XP level 10. HP: 44/68 MP: 7/15
 10332 | D:8      | Found a sacrificial altar of Ru.
 10374 | D:8      | Noticed Grum
 10417 | D:8      | Killed Grum
 11059 | D:8      | Reached ***** piety under Cheibriados
 11220 | D:8      | Slain by a wight

Illustrated notes

Levels and vault maps discovered:
D:1:      nagdon_arrival_zigzag_paths, layout_loops_ring,
          ebering_ecumenical_altar_sacrificial, serial_shops,
          nicolae_diamond_shop, minmay_tromino_v4_a
D:2:      layout_loops_ring
D:3:      minmay_recursive_quarters, layout_rooms,
          mainiacjoe_overflow_cross_hatched, minmay_fountain_box,
          minmay_circle_x
D:4:      layout_loops_cross, grunt_temple_overflow_growth_and_decay,
          general_overflow_altar, chequers_temple_overflow_statue_of_worship,
          lemuel_crystal_altar, nicolae_shop_clearance
D:5:      lemuel_insect_pit, layout_loops_cross, yredelemnul_altar_generic,
          mainiacjoe_overflow_24_doors, minmay_temple_entry_arrows
D:6:      layout_basic, serial_curves, eino_curves_02, eino_curves_02
D:7:      layout_cave_pods, serial_park, serial_park_square1
          [serial_park_minivault_5x5_1], serial_park_tiny_1,
          serial_park_avenue1, uniq_pikel, uniq_maggie
D:8:      layout_basic, nicolae_ru_great_annihilating_truth, uniq_grum

Skill      XL: |  1  2  3  4  5  6  7  8  9 10 |
---------------+-------------------------------+-----
Conjurations   | 2 3 4 5 6 7 8 |  8.0
Poison Magic   | 1 2 4 5 7 8 |  8.7
Air Magic      | 1 2 3 4 5 |  5.0
Fighting       | 2 3 |  3.5
Armour         | 1 2 |  2.1
Dodging        | 2 3 |  3.0
Unarmed Combat | 2 3 |  3.2
Invocations    | 2 3 |  3.3
Stealth        | |  1.7
Spellcasting   | |  3.5
Summonings     | |  1.0
Translocations | |  0.8
Transmutations | |  0.2

Action                   |  1- 3 |  4- 6 |  7- 9 | 10-12 || total
-------------------------+-------+-------+-------+-------++-------
Melee: Dagger            |     7 |    86 |   231 |    17 ||   341
       Kick              |     2 |     7 |       |       ||     9
       Punch             |       |       |     6 |     6 ||    12
       Unarmed           |       |       |       |    97 ||    97
 Cast: Magic Dart        |    84 |   145 |   213 |    44 ||   486
       Mephitic Cloud    |       |       |    31 |    14 ||    45
       Ignite Poison     |       |       |       |     3 ||     3
Invok: Bend Time         |       |       |       |     1 ||     1
  Use: Scroll            |       |       |    11 |       ||    11
       Potion            |       |       |     3 |     4 ||     7
 Stab: Confused          |       |       |    11 |     2 ||    13
       Distracted        |       |       |     1 |       ||     1
       Invisible         |       |       |       |     1 ||     1
Armor: Robe              |     1 |    30 |    14 |       ||    45
       Ring mail         |       |       |    68 |       ||    68
       Acid dragon scale |       |       |    16 |    22 ||    38
       Plate armour      |       |       |     2 |       ||     2
Dodge: Dodged            |     1 |    61 |   141 |    55 ||   258
